 Dungeon Crawl Stone Soup version 0.31.0-11-ge490571c62 (webtiles) character file.

Game seed: 5244479145606431826

29 Gadfly the Trooper (level 3, 29/29 HPs)
             Began as a Demonspawn Monk on Feb 2, 2024.
             Quit the game on level 1 of the Dungeon.
             The game lasted 00:01:36 (965 turns).

Gadfly the Trooper (Demonspawn Monk)                 Turns: 965, Time: 00:01:37

Health: 29/29      AC:  2    Str: 12 (13) XL:     3   Next: 1%
Magic:  3/3        EV: 12    Int:  7 (10) God:
Gold:   51         SH:  0    Dex: 12 (15) Spells: 2/2 levels left

rFire   . .          .
                       - Unarmed
rCold   . . .        c - orb {light}
rNeg    . . .        a - +0 robe
rPois   .            (helmet restricted)
rElec   .            (no cloak)
rCorr   .            (no gloves)
SInv    .            (no boots)
Will    .....        (no amulet)
Stlth   +            (no ring)
HPRegen 0.24/turn    (no ring)
MPRegen 0.16/turn

%: no passive effects
@: glowing
A: horns 1, magic regeneration
a: no special abilities


You were on level 1 of the Dungeon.
You visited 1 branch of the dungeon, and saw 2 of its levels.

You collected 51 gold pieces.

Inventory:

Armour
 a - a +0 robe (worn)
 c - an orb of light (worn)
Potions
 b - a potion of ambrosia
 d - a potion of might
 j - a potion of curing {unknown}


   Skills:
 - Level 3.0 Fighting
 + Level 2.9 Dodging
 * Level 3.0 Unarmed Combat
 * Level 1.1 Evocations
 * Level 1.0 Shapeshifting


You had 2 spell levels left.
You didn't know any spells.
Your spell library was empty.

Dungeon Overview and Level Annotations

Branches:
Dungeon (2/15)

Altars:

Shops:
D:1 (


Innate Abilities, Weirdness & Mutations

You have a pair of small horns on your head.
You regenerate magic rapidly.


Message History

The jackal bites you.
There is a stone staircase leading up here.
Your library has no spells.
You are too injured to fight recklessly!
You are too injured to fight recklessly!
You barely miss the kobold. You headbutt the kobold.
You kill the kobold!
The jackal bites you. The frilled lizard barely misses you.
You hit the frilled lizard but do no damage.
The jackal bites you. The frilled lizard misses you.
The jackal barely misses you.
You hit the frilled lizard.
You kill the frilled lizard!
The jackal closely misses you.
Your Shapeshifting skill increases to level 1!
The jackal closely misses you.
A jackal comes into view.
You see here a frilled lizard corpse.
You hit the jackal but do no damage.
The jackal bites you but does no damage.
You barely miss the jackal. The jackal misses you.
You hit the jackal.
The jackal is severely wounded.
The jackal barely misses you. x2
The jackal barely misses you.
There is a stone staircase leading up here.
The jackal bites you. The jackal misses you.
You climb upwards.
There is a stone staircase leading down here.
You hit the jackal.
You kill the jackal!
You have reached level 3!
Your experience leads to an increase in your attributes!
Your base attributes are Str 11, Int 10, Dex 15.
Increase (S)trength, (I)ntelligence, or (D)exterity?
You feel stronger. x2; Your demonic ancestry asserts itself...
Your magic begins to regenerate rapidly.
You start resting.
HP restored.
Are you sure you want to abandon this character and quit the game? (Confirm with "yes".)

......# #..........##########.#
.####.## ##..........######.....#
.#####.###.#.........######.###.#
...........#.........######.###.#
....#.##...###.############.###.#
###.#.##..## #.# #######.....#
#.#.##..# #.# #########.###
#.#.##..####.##############.###
###.#.##........@>............###
......##..###...####(..######.#
..........##.#.#.###...#### #.#
###...##.#................###.#
#...##.....#.#............#.#
###...##....>...#.........#.#.#
......##....##.###.....####.#.#
####....#.....^# #.....####.#.#
#.###.#.#######)...........#


There were no monsters in sight!

Vanquished Creatures
  2 dart slugs
  2 endoplasms (D:1)
  2 giant cockroaches (D:1)
  A goblin (D:1)
  3 hobgoblins (D:1)
  A jackal (D:1)
  2 quokkas
  3 ball pythons (D:1)
  2 bats (D:1)
  2 frilled lizards
  3 kobolds
  2 rats (D:1)
25 creatures vanquished.

Notes
Turn   | Place    | Note
-------+----------+-------------------------------------------
     0 | D:1      | Gadfly the Demonspawn Monk began the quest for the Orb.
     0 | D:1      | Reached XP level 1. HP: 18/18 MP: 1/1
   148 | D:1      | Gained mutation: You have a pair of small horns on your
                  | head. [demonic ancestry]
   148 | D:1      | Reached XP level 2. HP: 22/24 MP: 2/2
   359 | D:1      | Found Udyude's Antique Weapon Shoppe.
   591 | D:1      | Found a faded altar of an unknown god.
   636 | D:1      | Reached skill level 1 in Evocations
   889 | D:2      | Reached skill level 1 in Shapeshifting
   897 | D:1      | Gained mutation: You regenerate magic rapidly. [demonic
                  | ancestry]
   897 | D:1      | Reached XP level 3. HP: 12/29 MP: 3/3
   965 | D:1      | Quit the game

Illustrated notes

Levels and vault maps discovered:
D:1:      minmay_arrival_hallway, layout_loops_ring,
          shapermc_ecumenical_altar_venn, serial_shops, shop
D:2:      kb_forest_paths, layout_basic, item_on_display_a, uniq_robin

Skill      XL: |  1  2 |
---------------+-------+-----
Unarmed Combat | 3 |  3.0
Evocations     | 1 |  1.1
Shapeshifting  | 1 |  1.0
Fighting       | |  3.0
Dodging        | |  2.9

Action                     || total
---------------------------++-------
  Melee: Unarmed           ||    64
         Headbutt          ||    12
    Use: Scroll            ||     5
         Potion            ||     1
 Armour: Robe              ||    29
  Dodge: Dodged            ||    46
